Map: Orbital Shipyard

Players

횡액 - Winner!

  • Race: Zerg Zerg
  • League: Diamond

ILLBdA

  • Race: Protoss Protoss
  • League: Diamond

VOD

Have the link to the VOD?

Description

Time

  • Played on: Jan. 3, 2016, 5:54 a.m.
  • Length: 7:03
Show
View Real Time Build Order
Export as new Build Order

횡액 Zerg - Winner!

Build Orders: Hatch First 

Get SALT Encoding   

  12  0:01  Drone  
  13  0:08  Drone  
  14  0:17  Overlord  
  14  0:36  Drone x3  
  17  0:54  Hatchery  
  16  1:02  Drone  
  17  1:30  Drone x3  
  20  1:39  Spawning Pool  
  19  1:46  Drone  
  20  1:51  Hatchery  
  19  2:00  Extractor  
  18  2:01  Overlord  
  18  2:05  Drone  
  19  2:09  Drone  
  20  2:20  Drone  
  21  2:25  Drone  
  21  2:26  Extractor, Queen  
  21  2:28  Queen  
  25  2:33  Drone  
  26  2:37  Drone  
  26  2:38  Drone  
  28  2:47  Drone  
  29  2:54  Overlord  
  29  3:08  Metabolic Boost  
  29  3:10  Queen  
  31  3:14  Drone x2  
  31  3:17  Drone x3  
  36  3:27  Pneumatized Carapace  
  36  3:31  Evolution Chamber  
  36  3:32  Drone  
  36  3:33  Drone x2  
  38  3:34  Drone x2  
  40  3:54  Overlord  
  40  3:55  Zergling x2  
  40  3:56  Zergling x14  
  48  4:04  Zerg Melee Weapons Level 1  
  48  4:26  Drone  
  48  4:27  Drone  
  48  4:28  Drone x3  
  48  4:29  Drone x2  
  48  4:30  Drone, Overlord  
  56  4:40  Overlord x3  
  56  4:55  Zergling x18  
  56  4:56  Zergling x2  
  56  4:57  Overlord  
  66  5:02  Roach Warren  
  65  5:10  Zergling x2  
  65  5:11  Zergling x12  
  72  5:26  Lair  
  72  5:49  Zergling x2  
  76  5:50  Zergling x28  
  68  6:20  Overlord x2  
  65  6:29  Zergling x2  
  65  6:30  Zergling x26  
Show
View Real Time Build Order
Export as new Build Order

ILLBdA Protoss 

Build Orders: 1 Gate Expand 

Get SALT Encoding   

  12  0:01  Probe (Chrono Boost)  
  13  0:12  Probe (Chrono Boost)  
  14  0:19  Pylon  
  14  0:22  Probe (Chrono Boost)  
  15  0:38  Probe (Chrono Boost)  
  15  0:40  Gateway  
  16  0:48  Probe (Chrono Boost)  
  17  0:59  Probe (Chrono Boost)  
  18  1:15  Nexus  
  18  1:16  Probe (Chrono Boost)  
  19  1:29  Cybernetics Core  
  19  1:31  Assimilator  
  19  1:39  Assimilator  
  19  1:45  Pylon  
  20  1:47  Probe (Chrono Boost)  
  20  1:57  Probe (Chrono Boost)  
  21  2:05  Adept (Chrono Boost)  
  21  2:08  Probe  
  24  2:16  Warp Gate  
  24  2:20  Probe  
  25  2:28  Probe (Chrono Boost)  
  25  2:29  Forge  
  25  2:34  Gateway  
  26  2:40  Probe (Chrono Boost)  
  26  2:41  Mothership Core (Chrono Boost)  
  30  2:51  Probe (Chrono Boost)  
  30  2:56  Robotics Facility  
  30  2:59  Probe (Chrono Boost)  
  30  3:04  Probe (Chrono Boost)  
  32  3:10  Probe (Chrono Boost)  
  33  3:14  Sentry  
  35  3:22  Photon Cannon  
  35  3:23  Probe x2 (Chrono Boost)  
  37  3:33  Probe x2 (Chrono Boost)  
  39  3:36  Pylon  
  39  3:44  Immortal (Chrono Boost)  
  43  3:48  Probe  
  43  3:49  Probe  
  45  3:59  Probe  
  46  4:12  Gateway  
  46  4:14  Gateway  
  46  4:19  Immortal (Chrono Boost)  
  50  4:24  Sentry  
  50  4:28  Gateway  
  50  4:30  Gateway  
  52  4:36  Gateway  
  52  4:40  Pylon  
  52  4:49  Pylon  
  52  4:52  Warp Prism (Chrono Boost)  
  54  4:57  Pylon  
  54  5:07  Protoss Ground Weapons Level 1  
  54  5:10  Sentry x2  
  58  5:29  Immortal (Chrono Boost)  
  58  5:30  Zealot x3  
  58  5:31  Zealot  
  58  5:34  Pylon  
  70  5:37  Pylon  
  70  5:54  Zealot x5  
  78  5:58  Zealot  
  78  5:59  Zealot  
  76  6:27  Warp Prism (Chrono Boost)  
  76  6:30  Zealot x2  
  67  6:47  Zealot  
  67  6:48  Zealot  
Tags
 
Add a new tag
Caveats
  • Supply blocks, unpowered buildings, or Contaminate may cause inaccurate times.
  • Supply counts are checked every 10 seconds.